 Dungeon Crawl Stone Soup version 0.30-b1-2-g02819fbbbe (webtiles) character file.

Game seed: 1333647149042046969

20 redmage the Digger (level 3, -3/26 HPs)
             Began as a Meteoran Earth Elementalist on July 27, 2023.
             Slain by an orc
             ... wielding a +0 whip
              (5 damage)
             ... on level 2 of the Dungeon.
             The game lasted 00:02:30 (65 turns).

redmage the Digger (Meteoran Earth Elementalist)      Turns: 65, Time: 00:02:30

Health: -3/26      AC:  2    Str:  9    XL:     3   Next: 14%
Magic:  2/8        EV: 12    Int: 18    God:
Gold:   26         SH:  0    Dex: 15    Spells: 7/8 levels left

rFire   . . .        (no weapon)
rCold   . . .        (no shield)
rNeg    . . .        a - +0 robe
rPois   .            (no helmet)
rElec   .            (no cloak)
rCorr   .            (no gloves)
SInv    .            (no boots)
Will    .....        (no amulet)
Stlth   +            (no ring)
HPRegen 0.24/turn    (no ring)
MPRegen 0.11/turn

%: no passive effects
@: glowing
A: sense surroundings 1, otherworldly, glowing, explore regen
a: no special abilities


You were on level 2 of the Dungeon.
You visited 1 branch of the dungeon, and saw 3 of its levels.

You collected 26 gold pieces.

Inventory:

Armour
 a - a +0 robe (worn)
Potions
 b - a potion of magic


   Skills:
 - Level 2.4 Dodging
 - Level 1.4 Stealth
 + Level 3.1 Spellcasting
 + Level 1.9 Transmutations
 * Level 4.2 Earth Magic


You had 7 spell levels left.
You knew the following spells:

 Your Spells              Type           Power      Damage    Failure   Level
a - Sandblast             Erth           36%        2d10      2%          1

Your spell library contained the following spells:

 Spells                   Type           Power      Damage    Failure   Level
 Passwall                 Tmut/Erth      10%        N/A       7%          2
 Stone Arrow              Conj/Erth      20%        3d8       21%         3
 Petrify                  Tmut/Erth      13%        N/A       41%         4


Dungeon Overview and Level Annotations

Branches:
Dungeon (3/15) Zot: 1729

Altars:


Innate Abilities, Weirdness & Mutations

You passively map a small area around you.
You are easily found by Zot.
You glow in the dark.
You regain HP and MP as you explore.


Message History

The bat closely misses you. The bat hits you but does no damage.
The bat hits you but does no damage. The bat barely misses you.
Things that are here:
a +0 club; a +0 robe; a goblin corpse
Casting: Sandblast (safe; 2% risk of failure)
Confirm with . or Enter, or press ? or * to list all spells.
Aiming: Sandblast (safe; 2% risk of failure)
Press: ? - help, Shift-Dir - straight line, f/p - bat
Aim: a bat (73% to hit)
The blast of sand hits the bat!
You kill the bat!
Unknown command.
There is a stone staircase leading down here.
You climb downwards.
The hobgoblin misses you. The goblin hits you but does no damage.
The orc misses you. The kobold completely misses you.
There is a stone staircase leading up here.
The goblin hits you but does no damage. The kobold barely misses you.
The hobgoblin barely misses you. The orc hits you with a +0 whip.
You climb upwards.
The hobgoblin misses you. The hobgoblin hits you.
* * * LOW HITPOINT WARNING * * *
There is a stone staircase leading down here.
You hit the hobgoblin.
The hobgoblin is heavily wounded.
The orc hits you with a +0 whip.
* * * LOW HITPOINT WARNING * * *
The goblin hits you with a +0 club.
* * * LOW HITPOINT WARNING * * *
The hobgoblin hits you but does no damage.
The kobold hits you with a +0 club.
* * * LOW HITPOINT WARNING * * *
The hobgoblin hits you.
* * * LOW HITPOINT WARNING * * *
Unknown command.
You hit the hobgoblin.
The hobgoblin is severely wounded.
The orc hits you with a +0 whip.
You die...

, * , #...# *..# , *
#...## #..#
#.#.g###...# , *
#...)....#, * *
,,###########....# *
, # ,.......####.#.#
,
#..###.###........#**
#....ogg.....[..###
** ##.###@##########
,#...Kg# *, ####### *
, , * * * * * * * * *


You could see an orc, 2 hobgoblins, a goblin and a kobold.

Vanquished Creatures
  2 adders (D:2)
  A goblin (D:2)
  A bat (D:2)
4 creatures vanquished.

Notes
Turn   | Place    | Note
-------+----------+-------------------------------------------
     0 | D:1      | redmage the Meteoran Earth Elementalist began the quest for
                  | the Orb.
     0 | D:1      | Reached XP level 1. HP: 14/14 MP: 5/5
    35 | D:2      | Reached skill level 4 in Earth Magic
    35 | D:2      | Reached XP level 2. HP: 6/20 MP: 2/7
    37 | D:2      | Reached XP level 3. HP: 3/26 MP: 0/8
    65 | D:2      | Slain by an orc

Illustrated notes

Levels and vault maps discovered:
D:1:      dpeg_arrival_connections, layout_basic,
          shapermc_ecumenical_altar_mp_highgroup, serial_bayou_pond_c
D:2:      layout_loops_ring, wander_ebering_terrifying_dragon_lair
D:3:      layout_rooms, nemelex_dance_club_becter, lemuel_coloured_pillars_altar

Skill      XL: |  1 |
---------------+----+-----
Spellcasting   | 3 |  3.1
Earth Magic    | 4 |  4.2
Dodging        | |  2.4
Stealth        | |  1.4
Transmutations | |  1.9

Action                     || total
---------------------------++-------
  Melee: Unarmed           ||     2
   Cast: Sandblast         ||     8
 Armour: Robe              ||    10
  Dodge: Dodged            ||    25
